 Dungeon Crawl Stone Soup version 0.19.1 (webtiles) character file.

1290 JeffiDaFish the Shield-Bearer (level 8, -1/49 HPs)
             Began as a Gargoyle Fighter on Dec 10, 2016.
             Was an Initiate of Makhleb.
             Slain by an orc warrior
             ... wielding a +0 short sword
              (10 damage)
             ... on level 6 of the Dungeon.
             The game lasted 00:09:25 (4389 turns).

JeffiDaFish the Shield-Bearer (Gargoyle Fighter)    Turns: 4389, Time: 00:09:25

Health: -1/49      AC: 10    Str: 20    XL:     8   Next: 55%
Magic:  8/9        EV:  9    Int: 10    God:    Makhleb [......]
Gold:   337        SH: 10    Dex: 10    Spells: 1 memorised, 5 levels left

rFire  + . .     SeeInvis .     a - +1 flail (crush)
rCold  . . .     Gourm    .     b - +0 scale mail
rNeg   + . .     Faith    .     c - +0 shield
rPois  ∞         Spirit   .     (no helmet)
rElec  +         Reflect  .     (no cloak)
rCorr  .         Harm     .     (no gloves)
MR     .....                    k - +0 pair of boots
Stlth  ..........               r - amulet of rage
                                q - ring of protection from fire
                                o - ring of wizardry

@: no status effects
A: deformed body, negative energy resistance 1, electricity resistance,
unbreathing, petrification resistance, rot immunity, AC +5
a: Renounce Religion, Evoke Berserk Rage


You were on level 6 of the Dungeon.
You worshipped Makhleb.
Makhleb was noncommittal.
You were not hungry.

You visited 2 branches of the dungeon, and saw 7 of its levels.

You collected 337 gold pieces.

Inventory:

Hand Weapons
 a - a +1 flail of crushing (weapon)
Armour
 b - a +0 scale mail (worn)
 c - a +0 shield (worn)
 k - a +0 pair of boots (worn)
Jewellery
 o - a ring of wizardry (left hand)
 q - a ring of protection from fire (right hand)
 r - an amulet of rage (around neck)
 s - an uncursed ring of magical power
Wands
 u - a wand of iceblast (8/15)
Scrolls
 e - 3 scrolls of identify
 h - 3 scrolls of teleportation
 l - 5 scrolls of remove curse
Potions
 d - a potion of might
 j - 3 potions of curing
 p - a potion of cancellation
 t - 2 potions of agility
Books
 v - a book of Maledictions

   Spells                             Type                      Level
   a - Corona                         Hexes                        1
   b - Ensorcelled Hibernation        Hexes/Ice                    2
   c - Confuse                        Hexes                        3
   d - Tukima's Dance                 Hexes                        3
   e - Dazzling Spray                 Conjuration/Hexes            3
Comestibles
 f - 6 bread rations
 g - 5 chunks of flesh
 i - 2 slices of pizza
 m - a royal jelly
 n - 2 meat rations
 w - a beef jerky


   Skills:
 * Level 5.3 Fighting
 * Level 5.7 Maces & Flails
 * Level 5.5 Armour
 - Level 2.4 Dodging
 - Level 0.8 Stealth
 * Level 6.2 Shields
 + Level 0.6 Spellcasting
 + Level 0.4 Conjurations
 + Level 0.8 Hexes


You had 5 spell levels left.
You knew the following spells:

 Your Spells              Type           Power        Failure   Level  Hunger
a - Dazzling Spray        Conj/Hex       #.....       99%         3    ####...


Dungeon Overview and Level Annotations

Branches:
Dungeon (6/15)             Temple (1/1) D:6

Altars:
Dithmenos
Elyvilon
Gozag
Kikubaaqudgha
Makhleb
Nemelex Xobeh
Okawaru
Ru
Sif Muna
Trog
Vehumet
The Shining One

Shops:
D:4 %


Innate Abilities, Weirdness & Mutations

You are resistant to torment.
Your stone body is resilient. (AC +5)
You are immune to poison.
You resist negative energy. (rN+)
You are resistant to electric shocks. (rElec)
You can survive without breathing.
You are immune to petrification.
You are immune to rotting.
Armour fits poorly on your strangely shaped body.


Message History

You closely miss the orc warrior.
The orc warrior is severely wounded.
You block the orc warrior's attack. The orc closely misses you.
The orc wizard barely misses you. The orc closely misses you.
The orc warrior completely misses you.
You hit the orc warrior but do no damage.
The orc warrior is severely wounded.
You block the orc wizard's attack. The orc barely misses you.
You block the orc wizard's attack. The orc barely misses you.
The orc warrior closely misses you.
You hit the orc warrior.
The orc warrior is almost dead.
You block the orc wizard's attack. You block the orc's attack.
The orc warrior hits you with a short sword!
* * * LOW HITPOINT WARNING * * *
The orc wizard hits you but does no damage.
The orc hits you but does no damage.
You feel better. You block the orc's attack. You block the orc wizard's attack.
The orc warrior hits you with a short sword!
You die...

##...>.....## #
#...........#
####...........# #
...#...........#
.#
..............##
.# ###..#...#...##
#.# ##....)....###
##.o# ...#######.#
#oo# ### #####.##
##@#
#......###.o####
#....#.........#
#....#.........#
#....#.........# #
......#.........#
###....#.###.#####
#......# #.# ....
..#


You could see an orc warrior, an orc wizard and 2 orcs.

Vanquished Creatures
  Pikel (D:5)
  Purgy (D:3)
  2 ogres
  A bullfrog (D:6)
  A scorpion (D:6)
  A howler monkey (D:4)
  A bullfrog zombie (D:5)
  4 orc wizards
  A hound (D:5)
  5 worker ants
  A hound zombie (D:5)
  3 gnolls (D:3)
  5 adders
  An adder skeleton (D:6)
  3 worms (D:2)
  4 leopard geckos
  9 orcs
  4 giant cockroaches
  7 goblins
  6 hobgoblins
  3 jackals (D:3)
  9 kobolds
  3 quokkas
  A ball python (D:2)
  A bat (D:1)
  2 frilled lizards
  A quokka skeleton (D:5)
  4 rats
85 creatures vanquished.

Vanquished Creatures (others)
  An ice beast (D:5)
  A slave (D:5)
2 creatures vanquished.

Grand Total: 87 creatures vanquished

Notes
Turn   | Place    | Note
-------+----------+-------------------------------------------
     0 | D:1      | JeffiDaFish the Gargoyle Fighter began the quest for the Orb.
     0 | D:1      | Reached XP level 1. HP: 14/14 MP: 1/1
   417 | D:1      | Reached XP level 2. HP: 19/19 MP: 2/2
   934 | D:2      | Reached XP level 3. HP: 20/24 MP: 3/3
  2009 | D:3      | Reached skill level 4 in Shields
  2009 | D:3      | Reached XP level 4. HP: 29/29 MP: 4/4
  2202 | D:3      | Reached XP level 5. HP: 29/33 MP: 5/5
  2247 | D:3      | Reached skill level 1 in Dodging
  2255 | D:3      | Noticed Purgy
  2278 | D:3      | Killed Purgy
  2712 | D:3      | Reached XP level 6. HP: 36/38 MP: 6/6
  2902 | D:4      | Found Adeadid's Food Shop.
  2946 | D:4      | Reached skill level 5 in Shields
  3029 | D:4      | Gained mutation: You have large cloven feet. [potion of mutation]
  3029 | D:4      | Lost mutation: You have large cloven feet. [potion of mutation]
  3029 | D:4      | Gained mutation: Armour fits poorly on your strangely shaped body. [potion of mutation]
  3101 | D:4      | Reached XP level 7. HP: 19/44 MP: 7/7
  3625 | D:5      | Entered Level 5 of the Dungeon
  3625 | D:5      | Noticed Pikel
  3645 | D:5      | Killed Pikel
  3645 | D:5      | Reached skill level 5 in Maces & Flails
  3645 | D:5      | Reached skill level 5 in Armour
  3645 | D:5      | Reached XP level 8. HP: 39/48 MP: 8/8
  3871 | D:5      | Learned a level 3 spell: Dazzling Spray
  3893 | D:5      | Found a sacrificial altar of Ru.
  3901 | D:5      | Reached skill level 5 in Fighting
  4194 | D:6      | Found a staircase to the Ecumenical Temple.
  4196 | D:6      | Reached skill level 6 in Shields
  4215 | Temple   | Entered the Ecumenical Temple
  4256 | Temple   | Became a worshipper of Makhleb the Destroyer
  4389 | D:6      | Slain by an orc warrior

Skill      XL: |  1  2  3  4  5  6  7  8 |
---------------+-------------------------+-----
Shields        | 4 5 6 |  6.2
Fighting       | 4 5 |  5.3
Maces & Flails | 3 5 |  5.7
Dodging        | 1 2 |  2.4
Armour         | 4 5 |  5.5
Stealth        | |  0.8
Spellcasting   | |  0.6
Conjurations   | |  0.4
Hexes          | |  0.8

Action                   |  1- 3 |  4- 6 |  7- 9 || total
-------------------------+-------+-------+-------++-------
Melee: Flail             |   134 |   207 |   125 ||   466
  Use: Scroll            |     9 |     1 |     3 ||    13
       Potion            |     7 |     3 |     1 ||    11
  Eat: Chunk             |     4 |     4 |     4 ||    12
Armor: Scale mail        |    70 |   147 |    55 ||   272
Dodge: Dodged            |    39 |   101 |    47 ||   187
Block: Shield            |    59 |   138 |    69 ||   266
